 Dungeon Crawl Stone Soup version 0.25.1-8-g42b30a86e7 (webtiles) character file.

Game seed: 3038948291900698282

17508 funkygono the Destroyer (level 12, 0/96 HPs)
             Began as a Black Draconian Conjurer on Dec 15, 2020.
             Was a Believer of Sif Muna.
             Slain by Rupert
             ... wielding a +2 great sword of electrocution
              (30 damage)
             ... on level 3 of the Lair of Beasts on Dec 16, 2020.
             The game lasted 00:57:22 (18389 turns).

funkygono the Destroyer (Black Draconian Conjurer) Turns: 18389, Time: 00:57:23

Health: 0/96       AC: 12    Str: 12    XL:     12   Next: 19%
Magic:  5/25       EV: 16    Int: 18    God:    Sif Muna [**....]
Gold:   877        SH:  7    Dex: 13    Spells: 21/29 levels left

rFire    + . .     SeeInvis .   g - +3 whip
rCold    . . .     Gourm    .   A - +2 buckler
rNeg     . . .     Faith    .   (armour unavailable)
rPois    +         Spirit   .   (helmet restricted)
rElec    +         Reflect  .   o - +2 cloak {rPois}
rCorr    .         Harm     .   (no gloves)
MR       .....                  L - +0 pair of boots {run}
Stlth    ++........             a - amulet of magic regeneration
HPRegen  0.26/turn              E - ring of protection from fire
MPRegen  0.44/turn              y - ring of wizardry

@: quick
A: breathe lightning, unfitting armour, electricity resistance, cold-blooded, AC
+8
a: Breathe Lightning, Channel Magic, Renounce Religion


You were on level 3 of the Lair of Beasts.
You worshipped Sif Muna.
Sif Muna was pleased with you.
You were hungry.

You visited 3 branches of the dungeon, and saw 14 of its levels.
You also visited: Bailey.

You collected 1349 gold pieces.
You spent 472 gold pieces at shops.

Inventory:

Hand Weapons
 g - a +3 whip (weapon)
Armour
 c - a +0 pair of boots
 o - a +2 cloak of poison resistance (worn)
 A - a +2 buckler (worn)
 L - a +0 pair of boots of running (worn)
 P - a +0 kite shield
Magical Staves
 p - an uncursed staff of conjuration
Jewellery
 a - an amulet of magic regeneration (around neck)
 y - a ring of wizardry (right hand)
 E - a ring of protection from fire (left hand)
 R - an uncursed ring of flight
Wands
 s - a wand of random effects (12)
 G - a wand of acid (21)
Scrolls
 d - a scroll of holy word {unknown}
 e - 6 scrolls of remove curse
 l - 4 scrolls of fog
 r - 2 scrolls of fear
 x - 3 scrolls of magic mapping
 z - 6 scrolls of teleportation
 O - 5 scrolls of blinking
Potions
 f - 4 potions of curing
 h - 4 potions of haste
 j - 2 potions of ambrosia
 k - a potion of flight
 m - a potion of resistance
 n - 4 potions of brilliance
 q - 3 potions of mutation
 B - a potion of cancellation
 J - a potion of magic
Comestibles
 b - 16 rations


   Skills:
 + Level 6.1 Fighting
 + Level 8.6 Maces & Flails
 + Level 7.6 Dodging
 - Level 1.7 Stealth
 + Level 4.2 Shields
 + Level 9.0 Spellcasting
 + Level 10.2 Conjurations
 + Level 4.5 Fire Magic
 + Level 3.6 Earth Magic


You had 21 spell levels left.
You knew the following spells:

 Your Spells              Type           Power        Failure   Level  Hunger
a - Magic Dart            Conj           ####         1%          1    None
b - Searing Ray           Conj           #####.       1%          2    None
c - Bolt of Magma         Conj/Fire/Erth ####......   9%          5    #####..

Your spell library contained the following spells:

 Spells                   Type           Power        Failure   Level  Hunger
 Dazzling Flash           Conj/Hex       ####..       1%          3    None
 Animate Skeleton         Necr           N/A          3%          1    None
 Apportation              Tloc           #.....       3%          1    None
 Beastly Appendage        Tmut           #.....       3%          1    None
 Corona                   Hex            #......      3%          1    None
 Summon Small Mammal      Summ           #...         3%          1    None
 Fulminant Prism          Conj/Hex       ####......   4%          4    ###....
 Iskenderun's Mystic Bla  Conj/Tloc      ####....     4%          4    ###....
 Call Imp                 Summ           #.......     5%          2    None
 Sticks to Snakes         Tmut           #.......     5%          2    None
 Call Canine Familiar     Summ           #.......     11%         3    None
 Spider Form              Tmut/Pois      #.........   11%         3    None
 Summon Guardian Golem    Hex/Summ       #.......     11%         3    None
 Iskenderun's Battlesphe  Conj/Chrm      ####....     12%         5    #####..
 Iron Shot                Conj/Erth      ####......   30%         6    ######.
 Ice Form                 Ice/Tmut       #.......     32%         4    ###....
 Summon Ice Beast         Ice/Summ       #.......     32%         4    ###....
 Summon Lightning Spire   Summ/Air       #.......     32%         4    ###....
 Orb of Destruction       Conj           #####.....   41%         7    #######
 Blade Hands              Tmut           #.........   65%         5    #####..
 Spellforged Servitor     Conj/Summ      ####......   97%         7    #######


Dungeon Overview and Level Annotations

Branches:
Dungeon (10/15)            Temple (1/1) D:5            Lair (3/6) D:10
  Swamp (0/4) Lair:2       Bailey (visited)
  Snake: Lair:2-4    Spider: Lair:2-4       Orc: D:9-12

Altars:
Ashenzari
Cheibriados
Dithmenos
Elyvilon
Fedhas
Gozag
Hepliaklqana
Kikubaaqudgha
Makhleb
Nemelex Xobeh
Okawaru
Qazlal
Ru
Sif Muna
Trog
Uskayaw
Vehumet
Wu Jian
Xom
Yredelemnul
Zin
The Shining One
Beogh

Shops:
D:10 [

Annotations:
Lair:3 Rupert


Innate Abilities, Weirdness & Mutations

You can breathe wild blasts of lightning.
Your glossy black scales are hard. (AC +8)
You cannot fit into any form of body armour.
You are resistant to electric shocks. (rElec)
You are cold-blooded and may be slowed by cold attacks.


Message History

You are feeling hungry.
Rupert completely misses you.
Casting: Bolt of Magma (dangerous; 9% risk of failure)
Confirm with . or Enter, or press ? or * to list all spells.
Aiming: Bolt of Magma (dangerous; 9% risk of failure)
Press: ? - help, Shift-Dir - straight line, f/p - Rupert
Aim: Rupert, wielding a +2 great sword of electrocution and wearing a +0 leather armour (heavily wounded, berserk)
The bolt of magma hits Rupert!!
Rupert is severely wounded.
Rupert hits you but does no damage.
You hit Rupert.
Rupert is severely wounded.
You block Rupert's attack.
You barely miss Rupert.
Rupert is severely wounded.
Rupert hits you with a +2 great sword of electrocution!!
You hit Rupert but do no damage.
Rupert is severely wounded.
Rupert hits you with a +2 great sword of electrocution!!
You die...

.............
............
.#P........
####..........
#............# #.
#.............
#..#....#.......#
#.##..@..#.......
#.###.@##........
#..##+..##.......
#...............#
#................
#..........).....
##................
#..<.............
##.............
#..............


You could see Rupert (berserk).

Vanquished Creatures
  A dire elephant (Lair:2)
  A hydra (Lair:1)
  A two-headed ogre (D:9)
  An orc knight (Bailey)
  A centaur zombie (D:7)
  15 elephants (Lair:2)
  Maurice (D:8)
  Maggie (D:8)
  3 spiny frogs (Lair:1)
  A komodo dragon (Lair:2)
  2 hippogriffs
  5 blink frogs (Lair:2)
  A spriggan (Lair:2)
  A wyvern (D:10)
  A human (D:7)
  A hungry ghost (D:7)
  4 hogs (D:7)
  2 water moccasins
  2 sky beasts
  10 orc warriors
  3 phantoms
  5 ogres
  3 necrophages
  3 wolves (Lair:2)
  The ghost of Tigers10182 the Magician, an amateur DsWz (D:3)
  2 crocodiles (Lair:1)
  5 centaurs
  6 bullfrogs
  A gnoll sergeant (D:6)
  3 scorpions
  A water moccasin skeleton (D:7)
  6 howler monkeys
  2 crimson imps
  A quasit (D:7)
  A jelly (D:6)
  3 orc priests
  3 hounds
  4 centaur skeletons
  7 orc wizards
  Crazy Yiuf (D:2)
  2 iguanas
  12 worker ants
  A killer bee zombie (D:8)
  A hound zombie (D:3)
  2 hound skeletons
  Robin (D:3)
  14 gnolls
  10 adders
  4 shadow imps
  An adder skeleton (D:3)
  2 worms
  6 dart slugs
  7 leopard geckos
  50 orcs
  5 bats
  5 giant cockroaches
  26 goblins
  9 hobgoblins
  6 jackals
  27 kobolds
  3 quokkas
  2 ball pythons
  4 frilled lizards
  2 leopard gecko skeletons
  7 rats
  A fungus (Lair:3)
  3 plants (D:10)
329 creatures vanquished.

Vanquished Creatures (collateral kills)
  A plant (Lair:1)
1 creature vanquished.

Vanquished Creatures (others)
  54 fungi (Lair:2)
  21 plants
75 creatures vanquished.

Grand Total: 405 creatures vanquished

Notes
Turn   | Place    | Note
-------+----------+-------------------------------------------
     0 | D:1      | funkygono the Draconian Conjurer began the quest for the
                  | Orb.
     0 | D:1      | Reached XP level 1. HP: 14/14 MP: 3/3
   244 | D:1      | Reached XP level 2. HP: 19/22 MP: 0/5
   336 | D:1      | Learned a level 2 spell: Searing Ray
   909 | D:1      | Reached XP level 3. HP: 27/27 MP: 2/6
  1534 | D:2      | Reached skill level 1 in Fighting
  1795 | D:2      | Reached skill level 5 in Conjurations
  1937 | D:2      | Reached skill level 1 in Maces & Flails
  1937 | D:2      | Reached XP level 4. HP: 34/35 MP: 1/7
  2610 | D:2      | Found a runed translucent door.
  2611 | D:2      | Noticed Crazy Yiuf
  2617 | D:2      | HP: 1/35 [Crazy Yiuf/+4 quarterstaff of chaos (2)]
  2621 | D:2      | Killed Crazy Yiuf
  3028 | D:3      | Found a transporter.
  3188 | D:3      | Noticed Robin
  3201 | D:3      | Reached XP level 5. HP: 40/40 MP: 4/8
  3211 | D:3      | Killed Robin
  3407 | D:3      | Found a sacrificial altar of Ru.
  3481 | D:3      | Found a transporter.
  3481 | D:3      | Noticed Tigers10182's ghost (amateur DsWz)
  3719 | D:3      | Noticed a necrophage
  4275 | D:4      | Reached XP level 6. HP: 48/48 MP: 4/10
  4906 | D:4      | Your scales start taking on a glossy black colour.
  4906 | D:4      | Reached XP level 7. HP: 34/55 MP: 7/12
  4906 | D:4      | Gained mutation: You are resistant to electric shocks.
                  | (rElec) [Black Draconian growth]
  5162 | D:5      | Entered Level 5 of the Dungeon
  5192 | D:5      | Found an ornate altar of the Wu Jian Council.
  5229 | D:5      | Reached skill level 6 in Conjurations
  5295 | D:5      | Found a staircase to the Ecumenical Temple.
  5523 | D:5      | Found an ancient bone altar of Kikubaaqudgha.
  6334 | D:6      | Reached XP level 8. HP: 62/62 MP: 11/14
  6699 | D:6      | Found a basalt altar of Yredelemnul.
  6703 | D:6      | Reached skill level 5 in Maces & Flails
  7081 | D:6      | Found a radiant altar of Vehumet.
  7341 | D:7      | Reached skill level 5 in Spellcasting
  7602 | D:7      | Found a flagged portal.
  7623 | D:7      | Reached XP level 9. HP: 38/70 MP: 11/16
  7946 | D:7      | Reached skill level 5 in Dodging
  7946 | D:7      | Reached skill level 7 in Conjurations
  8012 | D:7      | Reached skill level 1 in Shields
  8708 | Temple   | Entered the Ecumenical Temple
  8970 | Temple   | Became a worshipper of Sif Muna the Loreminder
  9230 | D:8      | Noticed Maggie
  9248 | D:8      | Killed Maggie
  9429 | D:8      | Noticed Maurice
  9911 | D:8      | Reached XP level 10. HP: 41/80 MP: 6/19
 10102 | D:8      | Reached skill level 8 in Conjurations
 10272 | D:8      | Reached * piety under Sif Muna
 10460 | D:8      | Found a roughly hewn altar of Beogh.
 10562 | D:8      | Killed Maurice
 10668 | D:8      | Learned a level 5 spell: Bolt of Magma
 10714 | D:9      | Found a flagged portal.
 10725 | Bailey   | Entered a bailey
 10952 | Bailey   | Noticed an orc knight
 10978 | Bailey   | Killed an orc knight
 10978 | Bailey   | Reached skill level 1 in Fire Magic
 10978 | Bailey   | Reached skill level 1 in Earth Magic
 11505 | D:9      | Found an iron altar of Okawaru.
 11859 | D:9      | Found a bloodstained altar of Trog.
 11986 | D:9      | Reached ** piety under Sif Muna
 12023 | D:9      | Found a faded altar of an unknown god.
 12023 | D:9      | Found a faded altar of an unknown god.
 12028 | D:9      | Found a shadowy altar of Dithmenos.
 12030 | D:9      | Found a hide-covered altar of Uskayaw.
 12031 | D:9      | Found an ancient bone altar of Kikubaaqudgha.
 12123 | D:9      | Noticed a two-headed ogre
 12136 | D:9      | Killed a two-headed ogre
 12614 | D:3      | Killed Tigers10182's ghost
 12615 | D:3      | Reached skill level 5 in Fighting
 12896 | D:10     | Entered Level 10 of the Dungeon
 12926 | D:10     | Found a staircase to the Lair.
 12981 | D:10     | Found Kaeth's Armour Emporium.
 12999 | D:10     | Bought a +0 pair of boots of running for 472 gold pieces
 13449 | D:10     | Reached skill level 9 in Conjurations
 13449 | D:10     | Reached XP level 11. HP: 86/86 MP: 18/22
 13605 | D:10     | Found a shattered altar of Ashenzari.
 13925 | Lair:1   | Entered Level 1 of the Lair of Beasts
 15209 | Lair:1   | Noticed a five-headed hydra
 15224 | Lair:1   | Killed a five-headed hydra
 16939 | Lair:2   | Noticed a dire elephant
 16968 | Lair:2   | Killed a dire elephant
 17472 | Lair:2   | Reached skill level 10 in Conjurations
 17472 | Lair:2   | Reached XP level 12. HP: 82/96 MP: 10/24
 18059 | Lair:2   | Found a staircase to the Swamp.
 18365 | Lair:3   | Noticed Rupert
 18389 | Lair:3   | Slain by Rupert

Illustrated notes

Levels and vault maps discovered:
D:1:      grunt_arrival_crossed_arrows, layout_loops_cross
D:2:      layout_loops_ring, corexii_corridor_pit, guppyfry_early_orc_mine,
          uniq_crazy_yiuf_cottage
D:3:      layout_loops_corners, nicolae_ru_the_path_less_chosen,
          gammafunk_ghost_mausoleum, first_ration, uniq_robin
D:4:      layout_loops_corners
D:5:      layout_basic, lemuel_crystal_altar, minmay_temple_entry_mini_moons,
          basic_altar
D:6:      layout_loops_corners, yredelemnul_altar_generic, fiery_altar_vehumet
D:7:      layout_basic, enter_bailey_6, grunt_livestock
D:8:      layout_loops_ring, special_room [special_room_orc], uniq_maggie,
          uniq_maurice
D:9:      layout_stronghold, kennysheep_little_box,
          chequers_temple_overflow_minitemple, basic_altar, serial_glass,
          glass_columns_a, glass_columns_c, glass_columns_a, glass_columns_a,
          glass_columns_c, glass_columns_c, glass_columns_b, glass_columns_b,
          enter_bailey_3, dk_noncrumbling_3
D:10:     layout_stronghold, dpeg_oklobed_lair, serial_shops, kennysheep_mini,
          evilmike_ruin_ashenzari
Temple:   eino_temple_water
Lair:1:   layout_cave_pods, serial_bayou_shore_b
Lair:2:   mu_elephants_graveyard, layout_regular_city, swamp_mist_pool,
          serial_rivers, chequers_serial_rivers_micro_b,
          chequers_serial_rivers_marsh, chequers_serial_rivers_micro_e,
          chequers_serial_rivers_small_3
Lair:3:   layout_regular_city, chequers_serial_rivers_small_b, uniq_rupert

Skill      XL: |  1  2  3  4  5  6  7  8  9 10 11 12 |
---------------+-------------------------------------+-----
Fighting       | 1 2 3 4 5 6 |  6.1
Dodging        | 2 3 4 6 7 |  7.6
Conjurations   | 5 6 7 9 10 | 10.2
Maces & Flails | 1 2 3 4 5 7 8 |  8.6
Spellcasting   | 3 4 5 6 7 8 9 |  9.0
Shields        | 2 3 4 |  4.2
Fire Magic     | 2 4 |  4.5
Earth Magic    | 2 3 |  3.6
Stealth        | |  1.7

Action                   |  1- 3 |  4- 6 |  7- 9 | 10-12 || total
-------------------------+-------+-------+-------+-------++-------
Melee: Club              |    15 |       |       |       ||    15
       Unarmed           |     9 |       |       |       ||     9
       Tailslap          |     9 |     2 |    15 |    53 ||    79
       Whip              |    59 |    66 |   127 |   305 ||   557
       Staff             |       |       |       |     1 ||     1
 Cast: Magic Dart        |    70 |    24 |    69 |   181 ||   344
       Searing Ray       |     4 |    32 |    58 |    92 ||   186
       Bolt of Magma     |       |       |       |    38 ||    38
 Abil: Breathe Lightning |       |       |     3 |     5 ||     8
  Use: Scroll            |     2 |     4 |    13 |    10 ||    29
       Potion            |       |     3 |       |     6 ||     9
 Stab: Sleeping          |     1 |       |     1 |     1 ||     3
  Eat: Chunk             |     5 |    11 |    14 |    20 ||    50
       Ration            |       |       |     1 |     5 ||     6
Armor: Skin              |    32 |    33 |    57 |    77 ||   199
Dodge: Dodged            |    53 |    59 |   137 |   223 ||   472
Block: Buckler           |       |       |    20 |    91 ||   111
